 Dungeon Crawl Stone Soup version 0.29.1-15-g9cfb28693d (webtiles) character file.

Game seed: 13425044944093690418

38 javelincjr the Magician (level 3, -2/24 HPs)
             Began as a Demonspawn Hedge Wizard on Mar 28, 2023.
             Slain by an orc wizard
             ... wielding a +3 dagger
              (6 damage)
             ... on level 3 of the Dungeon.
             The game lasted 00:06:11 (2943 turns).

javelincjr the Magician (Demonspawn Hedge Wizard)   Turns: 2943, Time: 00:06:12

Health: -2/24      AC:  2    Str: 12    XL:     3   Next: 25%
Magic:  6/7        EV: 12    Int: 17    God:
Gold:   141        SH:  0    Dex: 12    Spells: 5/8 levels left

rFire   x . .      SeeInvis .   a - +0 dagger
rCold   + . .      Faith    .   (no shield)
rNeg    . . .      Spirit   .   b - +0 robe
rPois   .          Reflect  .   c - +0 hat
rElec   .          Harm     .   (no cloak)
rCorr   .          Rampage  .   (no gloves)
Will    .....                   (no boots)
Stlth   ++........              (no amulet)
HPRegen 0.08/turn               l - ring of ice
MPRegen 0.10/turn               (no ring)

@: no status effects
A: antennae 1, big brain 1
a: no special abilities


You were on level 3 of the Dungeon.
You visited 1 branch of the dungeon, and saw 3 of its levels.

You collected 141 gold pieces.

Inventory:

Hand Weapons
 a - a +0 dagger (weapon)
Missiles
 k - 7 javelins
Armour
 b - a +0 robe (worn)
 c - a +0 hat (worn)
 e - a +0 leather armour of fire resistance
Jewellery
 l - a ring of ice (left hand)
Scrolls
 g - a scroll of noise {unknown}
 h - a scroll of magic mapping {unknown}
 j - 2 scrolls of fog {unknown}
Potions
 d - a potion of magic
 f - 2 potions of lignification {unknown}
 i - 2 potions of invisibility {unknown}
 m - a potion of mutation {unknown}
 n - a potion of flight {unknown}


   Skills:
 + Level 0.0 Fighting
 + Level 0.0 Short Blades
 + Level 0.0 Armour
 + Level 2.1 Dodging
 - Level 2.2 Stealth
 + Level 3.2 Spellcasting
 + Level 1.5 Conjurations
 + Level 1.4 Summonings
 + Level 1.2 Translocations


You had 5 spell levels left.
You knew the following spells:

 Your Spells              Type           Power      Damage    Failure   Level
a - Magic Dart            Conj           32%        1d4       9%          1
b - Call Imp              Summ           7%         N/A       14%         2

Your spell library contained the following spells:

 Spells                   Type           Power      Damage    Failure   Level
 Blink                    Tloc           14%        N/A       16%         2
 Slow                     Hex            8%         N/A       17%         1
 Lesser Beckoning         Tloc           7%         N/A       30%         3
 Conjure Flame            Conj/Fire      5%         6-21      36%         3
 Summon Guardian Golem    Hex/Summ       5%         N/A       36%         3
 Mephitic Cloud           Conj/Pois/Air  4%         N/A       38%         3
 Ignite Poison            Fire/Tmut/Pois 2%         N/A       45%         3
 Summon Lightning Spire   Summ/Air       5%         N/A       77%         4
 Airstrike                Air            1%         2d(1-17)  86%         4
 Manifold Assault         Tloc           7%         N/A       95%         5
 Freezing Cloud           Conj/Ice/Air   3%         6-21      98%         5
 Lightning Bolt           Conj/Air       2%         1d14      98%         5
 Orb of Destruction       Conj           4%         9d5       100%        7
 Spellforged Servitor     Conj/Summ      3%         N/A       100%        7


Dungeon Overview and Level Annotations

Branches:
Dungeon (3/15)

Altars:


Innate Abilities, Weirdness & Mutations

You have a pair of small antennae on your head.
You have an unusually large brain. (Int +2)


Message History

There is a stone staircase leading up here.
You are too injured to fight recklessly!
The orc wizard shouts!
The orc throws a boomerang.
The boomerang hits you.
The orc wizard mumbles some strange words.
The orc wizard flickers and vanishes!
Deactivating autopickup; reactivate with Ctrl-A.
You climb upwards.
Reactivating autopickup.
There is a stone staircase leading down here.
You start resting.
Magic restored.
There is a stone staircase leading down here.
You start resting.
HP restored.
You climb downwards.
There is a stone staircase leading up here.
Found 3 javelins.
You now have 141 gold pieces (gained 13).
The orc wizard casts a spell.
The orc wizard flickers and vanishes!
Deactivating autopickup; reactivate with Ctrl-A.
There is a stone staircase leading up here.
You start waiting.
There is a strange disturbance nearby!
Casting: Magic Dart (safe; 9% risk of failure)
Confirm with . or Enter, or press ? or * to list all spells.
Aiming: Magic Dart (safe; 9% risk of failure)
Press: ? - help, Shift-Dir - straight line The magic dart hits something.
You closely miss something. Something hits you.
You closely miss something. Something hits you.
You miss something. Something hits you.
You miss something. Something hits you.
You barely miss something. Something hits you.
You miss something. Something hits you.
You hit something. Something hits you.
* * * LOW HITPOINT WARNING * * *
Something hits you.
You die...

# ... .# #.#.>
)# ##... .#
#....###.##
#.{..{#.#
#......#.#
##.###.#.######
# #>#.##...#
#.#....#@#
..#.##.{.#
###.###.## #.#
#.# #(# #.# #.#
#.# #.# #.# #.
#.# #.#


There were no monsters in sight!

Vanquished Creatures
  2 dart slugs
  3 endoplasms (D:1)
  A giant cockroach (D:1)
  6 goblins
  2 hobgoblins (D:1)
  5 kobolds
  A quokka (D:1)
  4 ball pythons
  A bat (D:2)
  6 rats
31 creatures vanquished.

Notes
Turn   | Place    | Note
-------+----------+-------------------------------------------
     0 | D:1      | javelincjr the Demonspawn Hedge Wizard began the quest for
                  | the Orb.
     0 | D:1      | Reached XP level 1. HP: 13/13 MP: 4/4
   151 | D:1      | Reached skill level 1 in Translocations
   576 | D:1      | Gained mutation: You have a pair of small antennae on your
                  | head. [demonic ancestry]
   576 | D:1      | Reached XP level 2. HP: 14/19 MP: 0/6
   877 | D:1      | Found a faded altar of an unknown god.
  1776 | D:2      | Gained mutation: You have an unusually large brain. (Int
                  | +2) [demonic ancestry]
  1776 | D:2      | Reached XP level 3. HP: 24/24 MP: 5/7
  2246 | D:2      | Learned a level 2 spell: Call Imp
  2943 | D:3      | Slain by an orc wizard

Illustrated notes

Levels and vault maps discovered:
D:1:      scummos_arrival_gate, layout_basic,
          hellmonk_ecumenical_altar_defaced_shrine, dreamdust_princess_bridge
D:2:      minmay_door_path, layout_loops_ring
D:3:      layout_loops_ring, general_overflow_altar, amcnicky_altar_gilded,
          minmay_unequal

Skill      XL: |  1  2 |
---------------+-------+-----
Translocations | 1 |  1.2
Dodging        | 2 |  2.1
Stealth        | 2 |  2.2
Spellcasting   | |  3.2
Conjurations   | |  1.5
Summonings     | |  1.4

Action                   || total
-------------------------++-------
Melee: Dagger            ||    28
 Cast: Magic Dart        ||    79
Armor: Robe              ||     7
Dodge: Dodged            ||    21
